 Dungeon Crawl Stone Soup version 0.26-a0-648-g87339cca5e (webtiles) character file.

Game seed: 9840120826448992451

254699 Ijustatesigmund the Victor of a Thousand Battles (level 19, -7/170 HPs)
             Began as a Demonspawn Fighter on Sept 24, 2020.
             Was the Champion of Okawaru.
             Mangled by a merfolk impaler
             ... wielding a +0 vampiric trident
              (8 damage)
             ... on level 4 of the Shoals on Sept 25, 2020.
             The game lasted 02:04:05 (37683 turns).

Ijustatesigmund (DsFi)                             Turns: 37683, Time: 02:04:07

Health: -7/170     AC: 31    Str: 22    XL:     19   Next: 41%
Magic:  0/34       EV: 14    Int: 10    God:    Okawaru [******]
Gold:   616        SH: 24    Dex: 22    Spells: 18/18 levels left

rFire    + . .     SeeInvis .   B - +6 broad axe (freeze)
rCold    + . .     Faith    .   c - +1 kite shield
rNeg     . . .     Spirit   +   b - +7 chain mail "Nasoxuk" {rCorr Dex+4}
rPois    +         Reflect  +   (helmet unavailable)
rElec    .         Harm     .   J - scarf {rC+ rF+}
rCorr    +         Rampage  .   H - +2 pair of gloves {Str+3}
MR       +++..                  a - +2 pair of boots {run}
Stlth    ..........             i - amulet of reflection
HPRegen  0.38/turn              I - ring of poison resistance
MPRegen  0.48/turn              x - +4 ring of protection

@: quick
A: horns 3, large bone plates 2, foul stench 1, magic resistance 2, robust 1,
magic shield, magic regeneration, magic link, rot immunity
}: 1/15 runes: gossamer
a: Heroism, Finesse, Renounce Religion


You were on level 4 of the Shoals.
You worshipped Okawaru.
Okawaru was exalted by your worship.
You visited 8 branches of the dungeon, and saw 35 of its levels.
You also visited: Ossuary and Ice Cave.

You collected 3495 gold pieces.
You spent 2879 gold pieces at shops.

Inventory:

Hand Weapons
 h - a +4 morningstar
 B - a +6 broad axe of freezing (weapon)
Missiles
 j - 20 datura-tipped darts (quivered)
 w - 5 atropa-tipped darts
Armour
 a - a +2 pair of boots of running (worn)
 b - the +7 chain mail "Nasoxuk" (worn) {rCorr Dex+4}
   (Okawaru gifted it to you on level 2 of the Elven Halls)

   It affects your dexterity (+4).
   It provides partial protection from all sources of acid and corrosion.
 c - a +1 kite shield (worn)
 H - a +2 pair of gloves of strength (worn)
 J - a scarf of resistance (worn)
Jewellery
 i - an amulet of reflection (around neck)
 k - a +6 ring of dexterity
 r - an uncursed ring of positive energy
 u - an uncursed ring of protection from cold
 x - a +4 ring of protection (right hand)
 C - an uncursed ring of protection from cold
 I - a ring of poison resistance (left hand)
 O - an uncursed ring of fire
 V - the cursed necklace of Bloodlust {*Rage +Rage MR++ Int-3 Slay+6 *Curse}
   (You found it on level 4 of the Shoals)

   [amulet of nothing]

   It affects your intelligence (-3).
   It affects your accuracy and damage with ranged weapons and melee attacks
   (+6).
   It affects your resistance to hostile enchantments.
   It lets you go berserk.
   It may make you go berserk in combat.
   It curses itself when equipped.
   It has a curse placed upon it.
 W - a +4 ring of evasion
 Y - an uncursed ring of protection from fire
Wands
 d - a wand of polymorph (14)
 y - a wand of random effects (106)
 z - a wand of acid (8)
 F - a wand of flame (9)
 M - a wand of disintegration (27)
 N - a wand of digging (7)
 P - a wand of iceblast (15)
 Q - a wand of enslavement (7)
 T - a wand of paralysis (19)
Scrolls
 f - 8 scrolls of teleportation
 g - 7 scrolls of fear
 n - 4 scrolls of enchant armour
 q - 17 scrolls of identify
 s - 20 scrolls of remove curse
 v - 7 scrolls of immolation
 E - 4 scrolls of blinking
 L - 2 scrolls of amnesia
 R - 6 scrolls of fog
 S - a scroll of magic mapping
Potions
 e - 7 potions of cancellation
 l - 5 potions of curing
 m - 6 potions of flight
 o - 2 potions of invisibility
 p - 4 potions of resistance
 t - 6 potions of stabbing
 A - 4 potions of ambrosia
 G - a potion of mutation
 K - 5 potions of lignification
 U - 4 potions of haste
 X - a potion of might


   Skills:
 + Level 15.3 Fighting
 + Level 15.0 Axes
 - Level 6.3 Throwing
 + Level 14.8 Armour
 + Level 9.7 Dodging
 + Level 4.3 Stealth
 - Level 7.6 Shields
 - Level 23.3 Invocations
 - Level 4.6 Evocations


You had 18 spell levels left.
You didn't know any spells.
Your spell library contained the following spells:

 Spells                   Type           Power        Failure   Level
 Animate Skeleton         Necr           #.....       99%         1
 Beastly Appendage        Tmut           #.....       99%         1
 Magic Dart               Conj           #...         99%         1
 Pain                     Necr           #...         99%         1
 Sandblast                Erth           #.....       99%         1
 Sting                    Tmut/Pois      #...         99%         1
 Passwall                 Tmut/Erth      #.......     100%        2
 Poisonous Vapours        Pois/Air       #.....       100%        2
 Searing Ray              Conj           #.....       100%        2
 Swiftness                Air            #.......     100%        2
 Wereblood                Tmut           #.......     100%        2
 Dazzling Flash           Conj/Hex       #.....       100%        3
 Ignite Poison            Fire/Tmut/Pois #.......     100%        3
 Mephitic Cloud           Conj/Pois/Air  #.......     100%        3
 Spider Form              Tmut/Pois      #.........   100%        3
 Stone Arrow              Conj/Erth      #.....       100%        3
 Vampiric Draining        Necr           #.........   100%        3
 Animate Dead             Necr           #.........   100%        4
 Fulminant Prism          Conj/Hex       #.........   100%        4
 Ice Form                 Ice/Tmut       #.......     100%        4
 Iskenderun's Mystic Bla  Conj/Tloc      #.......     100%        4
 Olgreb's Toxic Radiance  Pois           #.......     100%        4
 Passage of Golubria      Tloc           N/A          100%        4
 Petrify                  Tmut/Erth      #.......     100%        4
 Agony                    Necr           #.......     100%        5
 Blade Hands              Tmut           #.........   100%        5
 Bolt of Magma            Conj/Fire/Erth #.........   100%        5
 Borgnjor's Vile Clutch   Necr/Erth      #.........   100%        5
 Irradiate                Conj/Tmut      #.........   100%        5
 Iskenderun's Battlesphe  Conj           #.......     100%        5
 Lee's Rapid Deconstruct  Erth           #.........   100%        5
 Death Channel            Necr           #.........   100%        6
 Hydra Form               Tmut           #.........   100%        6
 Invisibility             Hex            #.......     100%        6
 Iron Shot                Conj/Erth      #.........   100%        6
 Simulacrum               Ice/Necr       #.........   100%        6
 Statue Form              Tmut/Erth      #........    100%        6
 Dragon Form              Tmut           #.........   100%        7
 Orb of Destruction       Conj           #.........   100%        7
 Spellforged Servitor     Conj/Summ      #.........   100%        7


Dungeon Overview and Level Annotations

Branches:
Dungeon (15/15)            Temple (1/1) D:7            Lair (6/6) D:10
 Shoals (4/4) Lair:2       Spider (4/4) Lair:4        Slime (0/5) Lair:5
    Orc (2/2) D:9             Elf (2/3) Orc:2        Vaults (0/5) D:13
 Depths (1/5) D:15        Ossuary (visited)           IceCv (visited)

Altars:
Ashenzari
Cheibriados
Dithmenos
Elyvilon
Fedhas
Gozag
Hepliaklqana
Kikubaaqudgha
Makhleb
Nemelex Xobeh
Okawaru
Qazlal
Ru
Sif Muna
Trog
Uskayaw
Vehumet
Wu Jian
Xom
Yredelemnul
Zin
The Shining One
Beogh
Lugonu

Shops:
D:4 *   D:7 *   D:11 *[   Orc:2 :}*[*   Elf:2 =   Shoals:1 }

Annotations:
Lair:3 2 transporters, Akustiub's ghost, journeyman TeCj
Shoals:4 1 runed translucent door
Depths:1 Aizul


Innate Abilities, Weirdness & Mutations

You have a pair of large horns on your head.
You are mostly covered in large bone plates. (SH +6)
You may emit foul miasma when damaged in melee.
You are robust. (+10% HP)
When hurt, damage is shared between your health and your magic reserves.
You regenerate magic rapidly.
When low on magic, you restore magic in place of health.
You are immune to rotting.
You are highly resistant to hostile enchantments. (MR++)


Message History

You slice the merfolk javelineer!! You freeze the merfolk javelineer.
You kill the merfolk javelineer!
Okawaru accepts your kill. The merfolk impaler misses you.
You feel better. You block the merfolk impaler's attack.
The merfolk impaler hits you with a +0 vampiric trident!
* * * LOW HITPOINT WARNING * * *
The merfolk impaler looks sick.
You emit a cloud of foul miasma!
The merfolk impaler is engulfed in dark miasma.
The merfolk impaler is poisoned.
The merfolk impaler seems to slow down.
The merfolk impaler completely misses you.
Things that are here:
a +3 spear; a +0 leather armour You slash the merfolk impaler!
You freeze the merfolk impaler. You headbutt the merfolk impaler!
The merfolk impaler is heavily wounded.
The merfolk impaler is engulfed in dark miasma.
The merfolk impaler looks even sicker.
The merfolk impaler hits you with a +0 vampiric trident!
You die...

#≈..≈≈≈≈≈≈.....≈≈≈≈≈≈≈≈≈≈≈≈≈#####
##...≈............≈≈≈≈≈≈≈≈###
##................≈≈≈≈≈≈≈≈
..P................≈≈≈≈≈≈≈
...........†......≈≈≈≈≈≈≈≈
.....P.......≈).....≈...≈≈
≈....≈.≈.....≈..........≈≈
≈≈..≈≈≈≈......).........≈≈
≈P≈≈≈≈.≈.((.).((@m......≈≈
PP≈≈≈≈..P..######≈.≈≈...≈≈
≈PP≈≈≈.....# ##..≈...≈≈ ..
≈PP≈≈..≈≈≈## ≈##.≈..≈≈ ..
≈≈P≈≈..≈≈## ≈m (≈..≈≈ ...
PP≈≈≈..P≈# #m# ≈..≈≈ ... ≈≈ ≈≈.≈≈
... ≈#≈ ≈≈≈≈ .. ≈≈≈ ≈≈..


You could see a merfolk impaler (very poisoned, slow, sick).

Vanquished Creatures
  Rupert (Lair:4)
  Agnes (D:14)
  2 tengu reavers (Depths:1)
  Roxanne (D:14)
  A frost giant (D:15)
  2 ghost moths (Spider:4)
  10 emperor scorpions
  The ghost of anything the Severer, a journeyman FoFi of Uskayaw (Orc:2)
  An orc warlord (Orc:1)
  Nessos (D:12)
  A deep elf annihilator (Elf:2)
  A deep elf demonologist (Elf:1)
  4 entropy weavers
  Azrael (Lair:4)
  Snorg (Orc:2)
  A blizzard demon (IceCv)
  3 spark wasps
  An ettin (Depths:1)
  The ghost of lilly the Quickloader, a journeyman FoHu of Gozag (Orc:2)
  5 merfolk javelineers
  Josephine (D:14)
  6 merfolk impalers
  A great orb of eyes (Depths:1)
  A merfolk avatar (Shoals:1)
  6 hydras
  2 vault guards (D:13)
  The ghost of PirateVox the Magician, a journeyman GnVM of Sif Muna (Orc:2)
  2 centaur warriors
  An alligator snapping turtle (Shoals:3)
  A death knight (D:10)
  15 two-headed ogres
  3 ogre magi
  2 merfolk aquamancers (Shoals:4)
  The ghost of hofbold the Covert, a journeyman OpVM of Hepliaklqana (Orc:2)
  A deep troll shaman (Depths:1)
  21 dancing weapons
  3 satyrs
  3 orc high priests (Orc:2)
  10 deep elf knights
  An unseen horror (D:12)
  An iron troll (Depths:1)
  2 wizards
  8 sea snakes
  4 deep trolls (Depths:1)
  3 deep elf archers (Elf:2)
  6 orc knights
  A necromancer (D:13)
  10 orb spiders
  33 deep elf magi
  7 harpies
  4 orc sorcerers
  18 wolf spiders
  14 fauns
  8 cyclopes
  5 ugly things
  11 manticores
  10 merfolk sirens
  18 elephants
  A centaur zombie (D:14)
  Joseph (D:8)
  2 black mambas
  5 water nymphs
  Psyche (D:11)
  2 ice statues (IceCv)
  2 torpor snails
  17 cane toads
  A kobold demonologist (D:14)
  3 rime drakes
  9 demonic crawlers
  A rime drake (shapeshifter) (D:15)
  13 ice devils (IceCv)
  8 komodo dragons
  A yaktaur (D:13)
  3 tyrant leeches (Lair:6)
  25 jumping spiders
  26 merfolk
  5 hornets
  12 trolls
  4 wind drakes
  7 slime creatures
  24 blink frogs
  7 snapping turtles
  10 hippogriffs
  9 dream sheep
  Sigmund (D:3)
  2 shadows
  21 tarantellas
  An air elemental (Elf:1)
  7 wraiths
  87 redbacks
  16 yaks
  A centaur simulacrum (D:14)
  6 fire elementals
  12 water elementals
  5 wyverns
  17 humans (D:13)
  2 basilisks
  Grum (D:11)
  A steam dragon (D:12)
  8 vampire mosquitoes
  Menkaure (D:5)
  An acid dragon (D:15)
  2 wargs (Orc:1)
  2 hell hounds (Lair:4)
  9 water moccasins
  30 orc warriors
  2 porcupines
  Purgy (D:3)
  2 ice beasts
  6 sky beasts
  4 black bears
  A necrophage (D:8)
  2 eyes of draining
  3 phantoms
  14 ogres
  6 centaurs
  13 wolves
  11 crocodiles
  3 big kobolds
  Blork the orc (D:6)
  28 bullfrogs
  An earth elemental (Elf:1)
  3 water moccasin zombies (Ossuary)
  A gnoll sergeant (D:7)
  A water moccasin skeleton (D:9)
  5 scorpions
  9 killer bees
  10 howler monkeys
  10 electric eels
  A bullfrog zombie (D:7)
  13 jellies
  23 orc priests
  6 hounds
  4 quasits
  2 bullfrog skeletons
  3 centaur skeletons
  24 orc wizards
  5 iguanas
  14 worker ants
  4 hell rats (Lair:6)
  A big kobold zombie (Ossuary)
  A killer bee zombie (D:9)
  A hound zombie (D:6)
  2 mummies (Ossuary)
  3 worker ant zombies
  Robin (D:4)
  A howler monkey skeleton (D:11)
  7 gnolls
  16 adders
  5 shadow imps
  7 white imps
  13 ufetubi
  13 oozes
  4 adder zombies (Ossuary)
  An adder skeleton (D:5)
  6 worms
  4 dart slugs
  4 leopard geckos
  91 orcs
  6 giant cockroaches
  3 gnoll zombies (Ossuary)
  13 goblins
  8 hobgoblins
  7 jackals
  10 kobolds
  5 quokkas
  2 ball pythons (D:1)
  14 bats
  6 frilled lizards
  5 hobgoblin zombies (Ossuary)
  6 kobold zombies (Ossuary)
  3 orc zombies (Ossuary)
  2 quokka skeletons
  5 rats
1229 creatures vanquished.

Vanquished Creatures (collateral kills)
  5 cyclopes (Shoals:3)
  A merfolk (Shoals:2)
  A black bear (D:10)
  5 wights (D:10)
  3 orc wizards
  An orc priest (Orc:1)
  2 jellies (Lair:5)
  5 orcs
  A goblin (D:2)
  2 kobolds (D:7)
26 creatures vanquished.

Vanquished Creatures (others)
  A cyclops (Shoals:3)
  A sea snake (Shoals:3)
  A deep elf mage (Elf:2)
  Maurice (Orc:2)
  An ogre (Orc:1)
  A centaur (Shoals:3)
  2 orc priests
  A white imp (IceCv)
  4 ufetubi (IceCv)
  A worm (D:2)
  6 orcs
  20 fungi
  118 plants
158 creatures vanquished.

Grand Total: 1413 creatures vanquished

Notes
Turn   | Place    | Note
-------+----------+-------------------------------------------
     0 | D:1      | Ijustatesigmund the Demonspawn Fighter began the quest for
                  | the Orb.
     0 | D:1      | Reached XP level 1. HP: 18/18 MP: 1/1
   359 | D:1      | Gained mutation: You have a pair of small horns on your
                  | head. [demonic ancestry]
   359 | D:1      | Reached XP level 2. HP: 11/24 MP: 2/2
   991 | D:1      | Reached skill level 1 in Dodging
  1084 | D:2      | Gained mutation: When hurt, damage is shared between your
                  | health and your magic reserves. [demonic ancestry]
  1084 | D:2      | Reached XP level 3. HP: 21/29 MP: 3/3
  2239 | D:2      | Gained mutation: You regenerate magic rapidly. [demonic
                  | ancestry]
  2239 | D:2      | Reached XP level 4. HP: 35/35 MP: 4/4
  2791 | D:3      | Gained mutation: You are immune to rotting. [demonic
                  | ancestry]
  2791 | D:3      | Reached XP level 5. HP: 32/42 MP: 3/5
  3016 | D:3      | Gained mutation: You are clumsy. (Dex -2) [potion of
                  | mutation]
  3016 | D:3      | Gained mutation: Your muscles are strong. (Str +2) [potion
                  | of mutation]
  3016 | D:3      | Gained mutation: You have a pair of horns on your head.
                  | [potion of mutation]
  3017 | D:3      | Lost mutation: You have a pair of horns on your head.
                  | [potion of mutation]
  3017 | D:3      | Lost mutation: Your muscles are strong. (Str +2) [potion of
                  | mutation]
  3017 | D:3      | Lost mutation: You are clumsy. (Dex -2) [potion of
                  | mutation]
  3017 | D:3      | Gained mutation: You are robust. (+10% HP) [potion of
                  | mutation]
  3017 | D:3      | Gained mutation: You are partially covered in large bone
                  | plates. (SH +4) [potion of mutation]
  3050 | D:3      | Noticed Sigmund
  3074 | D:3      | Killed Sigmund
  3074 | D:3      | Reached XP level 6. HP: 23/52 MP: 3/6
  3536 | D:3      | Noticed Purgy
  3554 | D:4      | Noticed Robin
  3570 | D:4      | Killed Robin
  3607 | D:4      | Found a sparkling altar of Nemelex Xobeh.
  3793 | D:4      | Found a sand-covered staircase.
  3800 | Ossuary  | Entered an ossuary
  3862 | Ossuary  | Reached skill level 5 in Axes
  3864 | Ossuary  | Reached XP level 7. HP: 45/60 MP: 4/7
  4238 | D:4      | Reached skill level 5 in Fighting
  4285 | D:4      | Found a glowing silver altar of Zin.
  4295 | D:4      | Found Uhirr's General Store.
  4300 | D:4      | Bought a potion of heal wounds for 70 gold pieces
  4300 | D:4      | Bought a potion of curing for 42 gold pieces
  4785 | D:3      | Killed Purgy
  5061 | D:5      | Entered Level 5 of the Dungeon
  5114 | D:5      | Found an opulent altar of Gozag.
  5114 | D:5      | Found a white marble altar of Elyvilon.
  5182 | D:5      | Noticed Menkaure
  5192 | D:5      | Killed Menkaure
  5192 | D:5      | Reached XP level 8. HP: 61/69 MP: 3/8
  6010 | D:6      | Noticed Blork the orc
  6018 | D:6      | Killed Blork the orc
  6222 | D:6      | Found a shadowy altar of Dithmenos.
  6222 | D:6      | Found a hide-covered altar of Uskayaw.
  6401 | D:6      | Found a shimmering altar of Xom.
  6607 | D:7      | Found Athyesaj's General Store.
  6646 | D:7      | Bought a scroll of brand weapon for 260 gold pieces
  7019 | D:7      | Found a staircase to the Ecumenical Temple.
  7071 | D:7      | Reached skill level 5 in Dodging
  7193 | D:7      | Found a radiant altar of Vehumet.
  7246 | Temple   | Entered the Ecumenical Temple
  7279 | Temple   | Became a worshipper of Warmaster Okawaru
  7304 | D:7      | Found an ornate altar of the Wu Jian Council.
  7307 | D:7      | Found a snail-covered altar of Cheibriados.
  7308 | D:7      | Noticed a hippogriff
  7314 | D:7      | Killed a hippogriff
  7314 | D:7      | Reached skill level 1 in Invocations
  7314 | D:7      | Reached XP level 9. HP: 73/78 MP: 9/9
  7339 | D:7      | Found a blossoming altar of Fedhas.
  7475 | D:7      | Reached skill level 2 in Invocations
  7693 | D:7      | Reached * piety under Okawaru
  7712 | D:7      | Reached skill level 3 in Invocations
  7876 | D:7      | Found a snail-covered altar of Cheibriados.
  8317 | D:8      | Reached skill level 4 in Invocations
  8435 | D:8      | Reached ** piety under Okawaru
  8504 | D:8      | Noticed Joseph
  8520 | D:8      | Killed Joseph
  8520 | D:8      | Gained mutation: You may emit foul miasma when damaged in
                  | melee. [demonic ancestry]
  8520 | D:8      | Reached XP level 10. HP: 69/88 MP: 13/13
  8532 | D:8      | Reached skill level 5 in Invocations
  8766 | D:8      | Got a heavily runed leather armour
  8772 | D:8      | Identified the +4 leather armour of the Harvest {*Contam
                  | rPois MP+9 SInv} (You found it on level 8 of the Dungeon)
  9224 | D:9      | Reached *** piety under Okawaru
  9269 | D:9      | Found a shimmering blue altar of Sif Muna.
  9270 | D:9      | Found a bloodstained altar of Trog.
  9410 | D:9      | Reached skill level 5 in Shields
  9477 | D:9      | Reached skill level 6 in Invocations
  9482 | D:9      | Noticed a two-headed ogre
  9794 | D:9      | Killed a two-headed ogre
  9794 | D:9      | Reached **** piety under Okawaru
  9833 | D:9      | Found a hazy altar of Hepliaklqana.
  9862 | D:9      | Found a staircase to the Orcish Mines.
  9893 | D:9      | Found a roughly hewn altar of Beogh.
 10113 | D:10     | Entered Level 10 of the Dungeon
 10128 | D:10     | Reached skill level 7 in Invocations
 10281 | D:10     | Received a gift from Okawaru
 10379 | D:10     | Noticed a death knight
 10739 | D:10     | Killed a death knight
 10739 | D:10     | Reached ***** piety under Okawaru
 10739 | D:10     | Reached XP level 11. HP: 42/97 MP: 10/16
 11086 | D:10     | Found a staircase to the Lair.
 11127 | D:10     | Found a sacrificial altar of Ru.
 11170 | D:10     | Reached skill level 8 in Invocations
 11431 | D:11     | Received a gift from Okawaru
 11442 | D:11     | Noticed Psyche
 11450 | D:11     | Killed Psyche
 11457 | D:11     | Got an ichor-stained hat {god gift}
 11463 | D:11     | Identified the +0 hat of Hopscotch {Slay+2} (Okawaru gifted
                  | it to you on level 11 of the Dungeon)
 11869 | D:11     | Found Siap's Armour Emporium.
 11872 | D:11     | Noticed Grum
 11878 | D:11     | Reached skill level 10 in Axes
 11883 | D:11     | Reached skill level 9 in Invocations
 11889 | D:11     | Killed Grum
 12179 | D:11     | Noticed a two-headed ogre
 12186 | D:11     | Killed a two-headed ogre
 12420 | D:11     | Found Taug's General Store.
 12436 | D:11     | Noticed a two-headed ogre
 12444 | D:11     | Killed a two-headed ogre
 12444 | D:11     | Reached skill level 10 in Fighting
 12870 | D:11     | Bought a +2 pair of gloves of strength for 322 gold pieces
 12897 | D:12     | Noticed an unseen horror
 12909 | D:12     | Killed an unseen horror
 12914 | D:12     | Noticed a deep elf mage
 12934 | D:12     | Noticed a two-headed ogre
 12939 | D:12     | Killed a deep elf mage
 12939 | D:12     | Gained mutation: You have a pair of horns on your head.
                  | [demonic ancestry]
 12939 | D:12     | Reached XP level 12. HP: 56/106 MP: 16/19
 12946 | D:12     | Killed a two-headed ogre
 12946 | D:12     | Reached skill level 5 in Armour
 12946 | D:12     | Reached skill level 10 in Invocations
 12977 | D:12     | Noticed Nessos
 12985 | D:12     | Killed Nessos
 13272 | D:12     | Noticed a two-headed ogre
 13286 | D:12     | Killed a two-headed ogre
 13352 | D:12     | Noticed a seven-headed hydra
 13362 | D:12     | Killed a seven-headed hydra
 13626 | D:13     | Noticed a six-headed hydra
 13642 | D:12     | Killed a six-headed hydra
 13895 | D:13     | Noticed an ogre mage
 13896 | D:13     | Noticed a two-headed ogre
 13898 | D:13     | Noticed a two-headed ogre
 13899 | D:13     | Noticed a two-headed ogre
 13903 | D:13     | Killed a two-headed ogre
 13903 | D:13     | Reached ****** piety under Okawaru
 13903 | D:13     | Received a gift from Okawaru
 13904 | D:13     | Killed an ogre mage
 13904 | D:13     | Reached skill level 11 in Invocations
 13906 | D:13     | Killed a two-headed ogre
 13909 | D:13     | Killed a two-headed ogre
 13915 | D:13     | Noticed a centaur warrior
 13927 | D:13     | Killed a centaur warrior
 14268 | D:13     | Mutation became permanent: You are partially covered in
                  | large bone plates. (SH +4) [demonic ancestry]
 14268 | D:13     | Gained mutation: You are partially covered in large bone
                  | plates. (SH +4) [demonic ancestry]
 14268 | D:13     | Reached XP level 13. HP: 105/116 MP: 21/21
 14311 | D:13     | Found a gate to the Vaults.
 14322 | D:13     | Reached skill level 1 in Evocations
 14629 | D:13     | Reached skill level 12 in Invocations
 15010 | D:14     | Identified Roxanne's Disquisition on the Rocks
 15010 | D:14     | Noticed Roxanne
 15044 | D:14     | Killed Roxanne
 15163 | D:14     | Received a gift from Okawaru
 15192 | D:14     | Noticed Agnes
 15205 | D:14     | Killed Agnes
 15528 | D:14     | Identified the +2 leather armour "Ahureuho" {Int+4} (You
                  | found it on level 14 of the Dungeon)
 15845 | D:14     | Noticed Josephine
 15866 | D:14     | Killed Josephine
 16117 | D:14     | Lost mutation: You are robust. (+10% HP) [mutagenic glow]
 16119 | D:14     | Gained mutation: You are resistant to hostile enchantments.
                  | (MR+) [potion of mutation]
 16119 | D:14     | Gained mutation: You are highly resistant to hostile
                  | enchantments. (MR++) [potion of mutation]
 16263 | D:15     | Entered Level 15 of the Dungeon
 16290 | D:15     | Reached skill level 13 in Invocations
 16539 | D:15     | Found the +4 moon troll leather armour {Spirit, Regen++
                  | MP+5}
 16806 | D:15     | Received a gift from Okawaru
 16866 | D:15     | Found a staircase to the Depths.
 16866 | D:15     | Noticed a frost giant
 16874 | D:15     | HP: 2/106 [frost giant/+1 battleaxe of freezing (5)]
 17039 | D:15     | Killed a frost giant
 17204 | Lair:1   | Entered Level 1 of the Lair of Beasts
 17461 | Lair:1   | Got a pair of polished gloves
 17492 | Lair:1   | Identified the +0 pair of gloves "Omablipi" {Int+4} (You
                  | found it on level 1 of the Lair of Beasts)
 17599 | Lair:1   | Got a jewelled ring mail
 17679 | Lair:1   | You fall into a shaft and drop 1 floor!
 17805 | Lair:1   | Identified the +9 ring mail of Rotation {rN+ MR+ Int+6}
                  | (You found it on level 1 of the Lair of Beasts)
 18065 | Lair:2   | Gained mutation: You have a pair of large horns on your
                  | head. [demonic ancestry]
 18065 | Lair:2   | Reached XP level 14. HP: 114/114 MP: 24/24
 18137 | Lair:2   | Found a staircase to the Shoals.
 18555 | Lair:2   | Identified a scroll of acquirement
 18555 | Lair:2   | Acquired a manual of Invocations
 18597 | Lair:3   | Reached skill level 14 in Invocations
 18772 | Lair:3   | Found a transporter.
 18797 | Lair:3   | Noticed Akustiub's ghost (journeyman TeCj)
 18856 | Lair:3   | Reached skill level 15 in Invocations
 19009 | Lair:3   | Found a transporter.
 19357 | Lair:4   | Found a hole to the Spider Nest.
 19422 | Lair:4   | Reached skill level 16 in Invocations
 19611 | Lair:4   | Received a gift from Okawaru
 19612 | Lair:4   | Reached skill level 17 in Invocations
 19769 | Lair:4   | Noticed Rupert
 19793 | Lair:4   | Killed Rupert
 19793 | Lair:4   | Reached skill level 18 in Invocations
 19842 | Lair:4   | You fall into a shaft and drop 1 floor!
 19843 | Lair:5   | Found a staircase to the Slime Pits.
 20658 | Lair:5   | Found the +4 dagger "Morg" {pain, MR+ Int+5}
 20935 | Lair:6   | Entered Level 6 of the Lair of Beasts
 20949 | Lair:6   | Reached skill level 19 in Invocations
 21013 | Lair:6   | Received a gift from Okawaru
 21014 | Lair:6   | Reached skill level 20 in Invocations
 21015 | Lair:6   | Got an ichor-stained scale mail {god gift}
 21088 | Lair:6   | Reached skill level 21 in Invocations
 21351 | Lair:6   | Gained mutation: You are robust. (+10% HP) [demonic
                  | ancestry]
 21351 | Lair:6   | Reached XP level 15. HP: 91/132 MP: 29/29
 21446 | Lair:6   | Got a translucent ring mail
 21710 | Lair:5   | Identified the cursed +1 ring mail of the Gloaming {rN+
                  | rCorr Int+4} (You found it on level 6 of the Lair of
                  | Beasts)
 21723 | Lair:5   | Identified the +5 scale mail of the Jabberwock {rF+}
                  | (Okawaru gifted it to you on level 6 of the Lair of Beasts)
 21856 | Orc:1    | Entered Level 1 of the Orcish Mines
 21887 | Orc:1    | Found a roughly hewn altar of Beogh.
 22237 | Orc:1    | Reached skill level 22 in Invocations
 22392 | Orc:2    | Entered Level 2 of the Orcish Mines
 22393 | Orc:2    | Noticed Maurice
 22405 | Orc:2    | Killed Maurice
 22408 | Orc:2    | Reached skill level 1 in Throwing
 22473 | Orc:2    | Found a runed translucent gate.
 22473 | Orc:2    | Found a runed translucent gate.
 22473 | Orc:2    | Found a runed translucent gate.
 22481 | Orc:2    | Noticed an orc warlord
 22487 | Orc:2    | Noticed lilly's ghost (journeyman FoHu)
 22489 | Orc:2    | Noticed PirateVox's ghost (journeyman GnVM)
 22535 | Orc:1    | Received a gift from Okawaru
 22655 | Orc:1    | Killed an orc warlord
 22752 | Orc:2    | Received a gift from Okawaru
 22753 | Orc:2    | Noticed hofbold's ghost (journeyman OpVM)
 22754 | Orc:2    | Noticed anything's ghost (journeyman FoFi)
 22785 | Orc:2    | Killed hofbold's ghost
 22794 | Orc:2    | Killed anything's ghost
 22794 | Orc:2    | Reached skill level 5 in Throwing
 22799 | Orc:2    | Killed PirateVox's ghost
 22802 | Orc:2    | Noticed Snorg
 22812 | Orc:2    | Killed lilly's ghost
 22812 | Orc:2    | Received a gift from Okawaru
 22815 | Orc:2    | Killed Snorg
 22818 | Orc:2    | Got a glimmering war axe {god gift}
 22819 | Orc:2    | Identified the +4 war axe of Jawn {pain, rElec Str+4}
                  | (Okawaru gifted it to you on level 2 of the Orcish Mines)
 22887 | Orc:2    | Got an iridescent morningstar
 22890 | Orc:2    | Identified the +4 morningstar "Niushu" {vorpal, *Noise
                  | +Blink Int+4 Dex+5} (You found it on level 2 of the Orcish
                  | Mines)
 22925 | Orc:2    | Found Delik's Assorted Antiques.
 22926 | Orc:2    | Found a staircase to the Elven Halls.
 23041 | Orc:2    | Found Fofuikee's Armour Shop.
 23041 | Orc:2    | Found Kirch's Book Emporium.
 23045 | Orc:2    | Found Fuveha Uren's General Store.
 23045 | Orc:2    | Found Cuxkelecw's Gadget Emporium.
 23060 | Orc:2    | Bought a potion of heal wounds for 70 gold pieces
 23060 | Orc:2    | Bought a +1 pair of boots of running for 511 gold pieces
 23357 | Elf:1    | Entered Level 1 of the Elven Halls
 23525 | Orc:2    | Bought a manual of Armour for 1324 gold pieces
 23796 | Depths:1 | Entered Level 1 of the Depths
 23981 | Depths:1 | Received a gift from Okawaru
 24031 | Depths:1 | Received a gift from Okawaru
 24076 | Depths:1 | Noticed a tengu reaver
 24092 | Depths:1 | Killed a tengu reaver
 24092 | Depths:1 | Received a gift from Okawaru
 24172 | Depths:1 | Reached XP level 16. HP: 115/140 MP: 31/31
 24212 | Depths:1 | Reached skill level 10 in Armour
 24212 | Depths:1 | Gained mutation: When low on magic, you restore magic in
                  | place of health. [demonic ancestry]
 24212 | Depths:1 | Reached XP level 17. HP: 148/148 MP: 32/32
 24402 | Depths:1 | Noticed Aizul
 25338 | Elf:2    | Found a runed translucent gate.
 25338 | Elf:2    | Found a runed translucent gate.
 25340 | Elf:2    | Found a runed translucent gate.
 25943 | Elf:2    | Found Qiurol's Jewellery Boutique.
 26235 | Elf:2    | Received a gift from Okawaru
 26368 | Elf:2    | Got a steaming chain mail {god gift}
 26379 | Elf:2    | Identified the +7 chain mail "Nasoxuk" {rCorr Dex+4}
                  | (Okawaru gifted it to you on level 2 of the Elven Halls)
 26966 | Elf:2    | Reached skill level 23 in Invocations
 27589 | Spider:1 | Entered Level 1 of the Spider Nest
 27595 | Spider:1 | Noticed Azrael
 28157 | Lair:4   | Killed Azrael
 29366 | Spider:1 | Upgraded the game from 0.26-a0-646-g5d7718319a to
                  | 0.26-a0-648-g87339cca5e
 29716 | Spider:2 | Gained mutation: You are mostly covered in large bone
                  | plates. (SH +6) [demonic ancestry]
 29716 | Spider:2 | Reached XP level 18. HP: 144/159 MP: 33/33
 29914 | Spider:2 | Received a gift from Okawaru
 30941 | Elf:2    | Bought an uncursed ring of poison resistance for 280 gold
                  | pieces
 31198 | Spider:3 | Received a gift from Okawaru
 31830 | Spider:4 | Entered Level 4 of the Spider Nest
 31934 | Spider:4 | Received a gift from Okawaru
 31953 | Spider:4 | Identified the +0 chain mail "Palaon" {Dex+3} (Okawaru
                  | gifted it to you on level 4 of the Spider Nest)
 32687 | Spider:4 | Got a gossamer rune of Zot
 33489 | Shoals:1 | Entered Level 1 of the Shoals
 33503 | Shoals:1 | Found Teocent's Gadget Boutique.
 34663 | Shoals:2 | Received a gift from Okawaru
 34878 | Shoals:2 | Reached skill level 1 in Stealth
 35502 | Shoals:2 | Reached skill level 15 in Fighting
 35598 | Shoals:3 | Reached XP level 19. HP: 98/170 MP: 27/34
 35628 | Shoals:3 | Found a frozen archway.
 35637 | IceCv    | Entered an ice cave
 36278 | Shoals:3 | Received a gift from Okawaru
 37366 | Shoals:4 | Entered Level 4 of the Shoals
 37366 | Shoals:4 | Found a runed translucent door.
 37568 | Shoals:4 | Found the cursed necklace of Bloodlust {*Rage +Rage MR++
                  | Int-3 Slay+6 *Curse}
 37667 | Shoals:4 | Reached skill level 15 in Axes
 37677 | Shoals:4 | HP: 3/170 [merfolk javelineer/javelin (15)]
 37682 | Shoals:4 | HP: 1/170 [merfolk impaler/+0 vampiric trident (9)]
 37683 | Shoals:4 | Mangled by a merfolk impaler

Illustrated notes

Levels and vault maps discovered:
D:1:      saegor_arrival_simple_a, layout_loops_cross
D:2:      kb_forest_paths, layout_rooms
D:3:      layout_basic, uniq_sigmund, uniq_purgy
D:4:      layout_loops_ring, zin_statuary, kennysheep_mini,
          lightli_ossuary_entry_decrepit_ruins, serial_shops, shop_statue,
          uniq_robin
D:5:      layout_loops_corners, chequers_temple_overflow_statue_of_worship,
          uniq_menkaure
D:6:      layout_rooms, minitemple, basic_altar, uniq_blork_the_orc
D:7:      lemuel_slime, layout_cave_pools, lemuel_crystal_altar,
          nicolae_overflow_hidden_temple, vehumet_crystals,
          lemuel_crystal_altar, slow_altar_2,
          minmay_temple_entry_statues_fountains, serial_shops, shop_statue,
          dk_noncrumbling_2, cheibriados_altar_1
D:8:      layout_rooms, uniq_joseph
D:9:      layout_basic, lemuel_doored_altar, grunt_temple_overflow_open,
          minmay_orc_entry_temple_small
D:10:     layout_rooms, lair_entry_dummy, nicolae_ru_path_of_blood
D:11:     layout_layer_cave, serial_shops, shop_statue, shop, uniq_grum,
          uniq_psyche
D:12:     layout_big_octagon, st_stairs_10, uniq_nessos
D:13:     layout_rooms, grunt_vaults_entry_tiered, palyth_stone_intersect,
          eino_tiny_chamber
D:14:     layout_rooms, serial_curves, eino_curves_02, eino_curves_01,
          chequers_jeans, drop_trap, minmay_misc_feat_x, grunt_decor_cap,
          uniq_roxanne, uniq_josephine, uniq_agnes
D:15:     grunt_enter_depths_snipers, layout_basic, serial_park_gazebo
          [serial_park_minivault_5x5_8]
Temple:   corrupted_temple
Lair:1:   layout_hall_layers
Lair:2:   layout_regular_city, minmay_shoals_entry_beasts, grunt_megastairs_5
Lair:3:   layout_regular_city, gammafunk_ghost_arena, grunt_megastairs_1
Lair:4:   layout_layer_cave, nicolae_spider_entry_non_spiders,
          chequers_serial_rivers_micro_c, uniq_rupert
Lair:5:   layout_misc_corridors, nicolae_slime_entry_slimehenge
Lair:6:   minmay_lair_end_frog_pond, layout_big_grid
Shoals:1: layout_shoals, serial_shops, shop_statue
Shoals:2: layout_shoals
Shoals:3: layout_shoals, portal_ice_cave_entry_pillars_three, st_cyclops
Shoals:4: shoals_end_grunt_ice, layout_shoals, serial_shops, shop,
          ebering_ghost_xom
Spider:1: layout_spider_delve, uniq_azrael
Spider:2: layout_spider_delve
Spider:3: layout_spider_delve
Spider:4: grunt_spider_rune_circles
Orc:1:    layout_caves, mines2_david
Orc:2:    grunt_orc_tribal_feast, layout_diamond_mine, gammafunk_ghost_cemetery,
          serial_shops, nicolae_shop_overgrown_old_shop, mines_bat_river,
          uniq_snorg, uniq_maurice
Elf:1:    eino_elf_arrival_sip, layout_gridlike, evilmike_minifort
Elf:2:    layout_geoelf_octagon, serial_shops, shop
Depths:1: layout_forbidden_donut, lightli_too_deep, hangedman_decor_growths,
          kennysheep_cross_bottleneck, lemuel_statue_altar, uniq_sojobo,
          uniq_aizul

Skill      XL: |  1  2  3  4  5  6  7  8  9 10 11 12 13 14 15 16 17 18 19 |
---------------+----------------------------------------------------------+-----
Axes           | 2 3 4 5 6 7 8 9 10 11 12 13 14 15 | 15.0
Dodging        | 1 2 3 4 5 6 7 9 |  9.7
Fighting       | 4 5 6 7 9 10 11 12 13 15 | 15.3
Invocations    | 1 4 7 9 11 13 21 22 23 | 23.3
Armour         | 4 6 7 9 10 12 14 | 14.8
Shields        | 4 6 7 |  7.6
Evocations     | 4 |  4.6
Throwing       | 6 |  6.3
Stealth        | 2 4 |  4.3

Action                   |  1- 3 |  4- 6 |  7- 9 | 10-12 | 13-15 | 16-18 | 19-21 || total
-------------------------+-------+-------+-------+-------+-------+-------+-------++-------
Melee: War axe           |   123 |   149 |   307 |       |       |       |       ||   579
       Headbutt          |    20 |    27 |    81 |   128 |   331 |   303 |   106 ||   996
       Broad axe         |       |       |    14 |   459 |  1064 |  1167 |   332 ||  3036
       Morningstar       |       |       |       |    16 |    22 |       |       ||    38
Throw: Dart              |     4 |       |     5 |     3 |    19 |    20 |    11 ||    62
Invok: Heroism           |       |       |       |     5 |    10 |    11 |     2 ||    28
       Finesse           |       |       |       |       |     4 |     4 |     1 ||     9
Evoke: Wand              |       |       |       |     6 |    14 |    22 |     9 ||    51
  Use: Scroll            |     5 |     4 |     8 |     7 |    18 |    10 |     1 ||    53
       Potion            |       |     4 |     3 |     4 |     8 |    11 |     5 ||    35
 Stab: Invisible         |       |     1 |     3 |       |     2 |       |       ||     6
       Sleeping          |       |       |       |     3 |     2 |       |       ||     5
       Distracted        |       |       |       |       |     1 |     2 |       ||     3
       Held in net/web   |       |       |       |       |       |     2 |       ||     2
Armor: Scale mail        |    71 |    44 |    60 |     3 |       |       |       ||   178
       Leather armour    |       |       |       |    54 |     8 |       |       ||    62
       Chain mail        |       |       |       |       |     6 |   409 |    75 ||   490
       Troll leather arm |       |       |       |       |   153 |    45 |       ||   198
Dodge: Dodged            |    34 |    40 |    61 |   203 |   463 |   604 |   112 ||  1517
Block: Kite shield       |    59 |   112 |   273 |   621 |  1201 |  1415 |   363 ||  4044
       Reflection        |       |       |    10 |    19 |    36 |    62 |    58 ||   185

Table legend: (Time is in decaauts)
 A = Elapsed time spent in this place.
 B = Non-inter-level travel time spent in this place.
 C = Inter-level travel time spent in this place.
 D = Time resting spent in this place.
 E = Time spent auto-exploring this place.
 F = Levels seen in this place.
 G = Mean time per level.
                   A        B        C        D        E       F      G
               +--------+--------+--------+--------+--------+-----+--------+
         Total |  37371 |  35112 |   2259 |   9365 |  18177 |  37 | 1010.0 |
       Dungeon |  17589 |  16645 |    944 |   4324 |   9428 |  15 | 1172.6 |
        Temple |     44 |     33 |     11 |      0 |     29 |   1 |   44.0 |
          Lair |   5581 |   5044 |    537 |    717 |   3277 |   6 |  930.2 |
        Shoals |   3534 |   3483 |     51 |    823 |   1740 |   4 |  883.5 |
   Spider Nest |   4500 |   4363 |    137 |   1875 |   1607 |   4 | 1125.0 |
  Orcish Mines |   1724 |   1400 |    324 |    128 |    756 |   2 |  862.0 |
   Elven Halls |   2925 |   2672 |    253 |    890 |   1193 |   2 | 1462.5 |
        Depths |    561 |    561 |      0 |    203 |     85 |   1 |  561.0 |
       Ossuary |    320 |    320 |      0 |    127 |     26 |   1 |  320.0 |
      Ice Cave |    588 |    588 |      0 |    276 |     35 |   1 |  588.0 |
               +--------+--------+--------+--------+--------+-----+--------+

Top non-repeatable levels by time:
   Elf:2: 1982 daAuts
     D:9: 1893 daAuts
  Lair:4: 1775 daAuts
    D:11: 1659 daAuts
     D:2: 1501 daAuts
Spider:4: 1463 daAuts
     D:7: 1366 daAuts
Spider:1: 1365 daAuts
    D:14: 1276 daAuts
     D:1: 1243 daAuts
    D:13: 1219 daAuts
     D:3: 1165 daAuts
    D:15: 1126 daAuts
Shoals:3: 1113 daAuts
Shoals:1: 1107 daAuts
